 Dungeon Crawl Stone Soup version 0.19-a0-1019-g9c6a58d (webtiles) character file.

459 Sixotanaka the Carver (level 6, -1/39 HPs)
             Began as a High Elf Skald on July 24, 2016.
             Slain by a centaur (8 damage)
             ... on level 5 of the Dungeon.
             The game lasted 00:10:23 (4698 turns).

Sixotanaka the Carver (High Elf Skald)              Turns: 4698, Time: 00:10:24

Health: -1/39      AC:  6    Str: 11    XL:     6   Next: 78%
Magic:  8/10       EV: 11    Int: 17    God:
Gold:   186        SH:  0    Dex: 16    Spells: 4 memorised, 0 levels left

rFire  . . .     SeeInvis .     a - +0 falchion
rCold  . . .     Gourm    .     b - +0 leather armour
rNeg   . . .     Faith    .     (no shield)
rPois  .         Spirit   .     (no helmet)
rElec  .         Dismiss  .     y - +1 cloak
rCorr  .         Reflect  .     s - +0 pair of gloves
SustAt .         Harm     .     (no boots)
MR     .....                    (no amulet)
Stlth  +.........               (no ring)
                                H - ring of wizardry

@: not resistant to hostile enchantments, very unstealthy
A: no striking features
a: no special abilities


You were on level 5 of the Dungeon.
You were very hungry.

You visited 1 branch of the dungeon, and saw 5 of its levels.

You collected 186 gold pieces.


   Skills:
 - Level 2.0 Fighting
 * Level 8.3 Long Blades
 - Level 0.8 Armour
 - Level 1.1 Dodging
 - Level 2.4 Spellcasting
 - Level 4.7 Charms


You couldn't memorise any spells.
You knew the following spells:

 Your Spells              Type           Power        Failure   Level  Hunger
a - Shroud of Golubria    Chrm/Tloc      ##........   7%          2    ##.....
c - Spectral Weapon       Hex/Chrm       ##......     14%         3    ###....
g - Regeneration          Chrm/Necr      ##........   14%         3    ###....
z - Infusion              Chrm           ###.         1%          1    #......


Dungeon Overview and Level Annotations

Branches:
Dungeon (5/15)
 Temple: D:4-7

Altars:
Dithmenos
Makhleb
Pakellas
Yredelemnul

Shops:
D:5 (

Annotations:
D:5 Pikel

Inventory:

Hand Weapons
 a - a +0 falchion (weapon)
Missiles
 t - 8 javelins of returning (quivered)
Armour
 b - a +0 leather armour (worn)
 n - a +0 cloak
   (You found it on level 2 of the Dungeon)
 s - a +0 pair of gloves (worn)
   (You found it on level 2 of the Dungeon)
 u - a cursed -2 plate armour
   (You found it on level 3 of the Dungeon)
 y - a +1 cloak (worn)
   (You found it on level 3 of the Dungeon)
Jewellery
 H - a ring of wizardry (left hand)
   (You found it on level 5 of the Dungeon)
Wands
 G - a wand of iceblast (1/15)
   (You found it on level 4 of the Dungeon)
Scrolls
 f - a scroll of fear
 i - 3 scrolls of identify {@r1}
 l - a scroll of remove curse {@r2}
 o - 6 scrolls of random uselessness {unknown}
 w - a scroll of teleportation {unknown}
 A - a scroll of magic mapping {unknown}
 B - a scroll of amnesia {unknown}
 C - a scroll of enchant armour {unknown}
 D - a scroll of blinking {unknown}
Potions
 e - 2 potions of degeneration {unknown}
 j - a potion of invisibility {unknown}
 m - a potion of beneficial mutation {unknown}
 p - 2 potions of haste {unknown}
 q - a potion of cure mutation {unknown}
 v - a potion of flight {unknown}
 x - a potion of mutation {unknown}
 z - a potion of agility {unknown}
 E - a potion of heal wounds {unknown}
 F - a potion of curing {unknown}
Books
 c - a book of Battle
Comestibles
 d - 4 bread rations {@e1}
 g - 2 beef jerkies
 h - 3 slices of pizza
 k - 4 meat rations {@e2}
 r - a fruit

..p........(##.....##..##
../........(#####...##<.#
......)....(## #.#.###.##
.......c.....####.#.# #..#
....>..........##.#.####.#
.......###(...#....#.##
..S...# ##...####....#######
..###...###c#...####.........
.. ###...S(@....# #.........
###.#(#.#### #.........
#.'∩'.# ########## ###'###
#.# #(# #.# ... # ...


You could see a centaur and an adder.


Message History

Your spectral weapon fades away.
A centaur comes into view.
You see here a scroll labeled TUIZENOSITT.
A centaur is nearby!
Unknown command.
C - a scroll labeled TUIZENOSITT The centaur shouts!
The centaur wields a shortbow.
The centaur shoots an arrow.
The arrow hits you but does no damage.
The centaur shoots an arrow.
The arrow misses you.
An adder comes into view.
You see here an arrow.
The centaur shoots an arrow.
The arrow hits you!
The centaur shoots an arrow.
The arrow barely misses you.
You see here 2 arrows.
The centaur shoots an arrow.
The arrow misses you.
You see here an arrow.
You draw out your weapon's spirit!
The centaur shoots an arrow.
The arrow barely misses your spectral weapon.
The arrow hits you!
* * * LOW HITPOINT WARNING * * *
The centaur shoots an arrow.
The arrow closely misses your spectral weapon.
The arrow hits you.
* * * LOW HITPOINT WARNING * * *
There is an open door, spattered with blood here.
You see here 2 arrows.
The centaur shoots an arrow.
The arrow closely misses your spectral weapon.
The arrow barely misses you.
The centaur shoots an arrow.
The arrow hits your spectral weapon!
Your spectral weapon shares its damage with you!
* * * LOW HITPOINT WARNING * * *
You are feeling very hungry.
You barely miss the centaur.
Your spectral weapon hits the centaur!
The adder barely misses your spectral weapon.
The centaur unwields an uncursed shortbow.
The centaur hits you.
* * * LOW HITPOINT WARNING * * *
You slash the centaur!
Your spectral weapon closely misses the centaur.
The adder closely misses your spectral weapon.
The centaur hits you but does no damage.
The adder bites your spectral weapon.
Your spectral weapon shares its damage with you!
Your spectral weapon fades away.
* * * LOW HITPOINT WARNING * * *
You hit the centaur but do no damage. The centaur hits you!
You die...

Vault maps used:
D:1:      lightli_arrival_windingriver
D:2:      lemuel_doored_altar, yredelemnul_forgotten_temple_becter,
          ecumenical_altar_2, first_bread, minmay_misc_feat_enclosed,
          st_stairs_5, bh_chokoban, hangedman_decor_points
D:3:      minmay_diamond_boxcup, makhleb_blood_cavern_becter
D:4:      overflow_temple_1_default
D:5:      serial_shops, nicolae_shop_behind_doors, uniq_pikel

Vanquished Creatures
  A slave (D:5)
  A centaur (D:5)
  A giant frog (D:3)
  A scorpion (D:4)
  2 crimson imps
  A hound (D:3)
  A worker ant (D:5)
  5 adders
  2 oozes
  An adder zombie (D:3)
  3 dart slugs
  5 giant geckos
  3 orcs (D:3)
  3 giant cockroaches
  7 goblins
  8 hobgoblins
  2 jackals (D:4)
  4 quokkas
  3 ball pythons
  9 bats
  2 giant newts (D:3)
  11 kobolds
  9 rats
  A spectral orc (D:2)
86 creatures vanquished.

Vanquished Creatures (others)
  A spectral weapon (D:5)
1 creature vanquished.

Grand Total: 87 creatures vanquished

Table legend:
 A = Turns spent in this place as a percentage of turns spent in the entire game.
 B = Non-inter-level travel turns spent in this place as a percentage of non-inter-level travel turns spent in the entire game.
 C = Inter-level travel turns spent in this place as a percentage of turns spent in this place.
 D = Turns resting spent in this place as a percentage of non-inter-level travel turns spent in this place.
 E = Turns spent auto-exploring this place as a percentage of non-inter-level travel turns spent in this place.
 F = Non-inter-level travel turns spent in this place divided by the number of levels of this place that you've seen.
                   A       B       C       D       E      F
               +-------+-------+-------+-------+-------+----------------------
         Total | 100.0 | 100.0 |   0.4 |   5.9 |  14.8 | 260.2
       Dungeon | 100.0 | 100.0 |   0.4 |   5.9 |  14.8 | 260.2
               +-------+-------+-------+-------+-------+----------------------

Table legend:
 A = Kills in this place as a percentage of kills in entire the game.
 B = Kills by you in this place as a percentage of kills by you in the entire game.
 C = Kills by friends in this place as a percentage of kills by friends in the entire game.
 D = Other kills in this place as a percentage of other kills in the entire game.
 E = Experience gained in this place as a percentage of experience gained in the entire game.
 F = Experience gained in this place divided by the number of levels of this place that you have seen.
                   A       B       C       D       E      F
               +-------+-------+-------+-------+-------+----------------------
         Total | 100.0 | 100.0 |  -nan |  -nan | 100.0 | 131.2
       Dungeon | 100.0 | 100.0 |  -nan |  -nan | 100.0 | 131.2
               +-------+-------+-------+-------+-------+----------------------

Notes
Turn   | Place    | Note
-------+----------+-------------------------------------------
     0 | D:1      | Sixotanaka the High Elf Skald began the quest for the Orb.
     0 | D:1      | Reached XP level 1. HP: 14/14 MP: 4/4
    46 | D:1      | Reached skill level 3 in Long Blades
   236 | D:1      | Reached XP level 2. HP: 12/19 MP: 6/6
   567 | D:1      | Reached skill level 4 in Long Blades
   584 | D:1      | HP: 2/19 [kobold/dagger (3)]
   615 | D:1      | HP: 1/19 [giant gecko (2)]
   617 | D:1      | Reached XP level 3. HP: 1/24 MP: 4/7
   711 | D:1      | HP: 6/24 [hobgoblin/club (3)]
  1517 | D:2      | Found a faded altar of an unknown god.
  1532 | D:2      | Reached skill level 5 in Long Blades
  1559 | D:2      | Found an oddly glowing altar of Pakellas.
  1981 | D:2      | Reached XP level 4. HP: 29/29 MP: 8/8
  2109 | D:2      | Found a basalt altar of Yredelemnul.
  2652 | D:3      | Reached skill level 6 in Long Blades
  2936 | D:3      | Noticed a giant frog
  2947 | D:3      | HP: 7/29 [giant frog (4)]
  2948 | D:3      | Killed a giant frog
  2948 | D:3      | Reached skill level 4 in Charms
  2948 | D:3      | Reached XP level 5. HP: 9/34 MP: 3/9
  3289 | D:3      | Reached skill level 7 in Long Blades
  3426 | D:3      | Found a burning altar of Makhleb.
  3516 | D:4      | Reached XP level 6. HP: 14/39 MP: 5/10
  3520 | D:4      | HP: 9/39 [poisoned by a scorpion]
  3526 | D:4      | HP: 7/39 [poisoned by a scorpion]
  3531 | D:4      | HP: 6/39 [poisoned by a scorpion]
  3538 | D:4      | HP: 5/39 [poisoned by a scorpion]
  3546 | D:4      | HP: 4/39 [poisoned by a scorpion]
  4109 | D:4      | Found a shadowy altar of Dithmenos.
  4319 | D:5      | Entered Level 5 of the Dungeon
  4319 | D:5      | Noticed Pikel
  4319 | D:5      | Noticed a slave
  4319 | D:5      | Noticed a slave
  4378 | D:5      | Learned a level 2 spell: Shroud of Golubria
  4382 | D:5      | Learned a level 3 spell: Spectral Weapon
  4386 | D:5      | Learned a level 3 spell: Regeneration
  4495 | D:5      | Noticed a slave
  4511 | D:5      | Reached skill level 8 in Long Blades
  4523 | D:5      | Killed a slave
  4577 | D:5      | Noticed a slave
  4614 | D:5      | Found Ujeich's Weapon Shop.
  4694 | D:5      | HP: 9/39 [centaur/shortbow (5)]
  4698 | D:5      | Slain by a centaur

Action                   |  1- 3 |  4- 6 || total
-------------------------+-------+-------++-------
Melee: Falchion          |   144 |   217 ||   361
 Cast: Infusion          |     5 |    10 ||    15
       Shroud of Golubri |       |     2 ||     2
       Spectral Weapon   |       |     2 ||     2
       Regeneration      |       |     1 ||     1
  Use: Scroll            |     2 |       ||     2
 Stab: Sleeping          |       |     1 ||     1
  Eat: Chunk             |     3 |     9 ||    12
Armor: Leather armour    |    36 |    49 ||    85
Dodge: Dodged            |    69 |    92 ||   161
